 Dungeon Crawl Stone Soup version 0.23.2-40-g277498a001 (webtiles) character file.

Game seed: 7776182060585534844

331 Descartes the Digger (level 6, 0/44 HPs)
             Began as a Formicid Earth Elementalist on Aug 25, 2019.
             Slain by an orc priest
             ... wielding a +0 club
              (5 damage)
             ... on level 4 of the Dungeon.
             The game lasted 00:16:14 (6242 turns).

Descartes the Digger (Formicid Earth Elementalist)  Turns: 6242, Time: 00:16:15

Health: 0/44       AC:  5    Str: 15    XL:     6   Next: 81%
Magic:  11/11      EV: 12    Int: 16    God:
Gold:   61         SH:  0    Dex: 11    Spells: 0/11 levels left

rFire    . . .     SeeInvis +   s - +0 dagger (elec)
rCold    + . .     Gourm    .   (no shield)
rNeg     . . .     Faith    .   y - +0 leather armour {rPois}
rPois    +         Spirit   .   (helmet unavailable)
rElec    .         Reflect  .   p - +1 cloak {rPois}
rCorr    .         Harm     .   (no gloves)
MR       .....                  (no boots)
Stlth    ++........             (no amulet)
HPRegen  0.14/turn              j - ring of protection from cold
MPRegen  0.12/turn              m - +2 ring of intelligence

@: no status effects
A: permanent stasis, dig shafts and tunnels, four strong arms, antennae 3
a: Dig, Shaft Self


You were on level 4 of the Dungeon.
You were not hungry.

You visited 1 branch of the dungeon, and saw 4 of its levels.

You collected 194 gold pieces.
You spent 133 gold pieces at shops.

Inventory:

Hand Weapons
 f - a +0 dagger
 o - a +4 quarterstaff of chaos
 s - a +0 dagger of electrocution (weapon)
Missiles
 b - 106 stones (quivered)
 h - 6 needles of confusion
 i - 104 arrows
 x - 25 poisoned needles
Armour
 c - a +0 robe
 g - a +0 leather armour
 p - a +1 cloak of poison resistance (worn)
 y - a +0 leather armour of poison resistance (worn)
Jewellery
 j - a ring of protection from cold (left hand)
 m - a +2 ring of intelligence (right hand)
Wands
 r - a wand of clouds (7)
 t - a wand of iceblast (2)
Scrolls
 u - a scroll of magic mapping {unknown}
 v - 3 scrolls of identify {unknown}
 z - 2 scrolls of blinking {unknown}
 A - a scroll of amnesia {unknown}
Potions
 a - 3 potions of curing {unknown}
 e - 2 potions of heal wounds {unknown}
 k - 2 potions of cancellation {unknown}
 l - 2 potions of ambrosia {unknown}
 n - a potion of brilliance {unknown}
 q - a potion of berserk rage {unknown}
Comestibles
 d - 8 rations


   Skills:
 + Level 2.1 Fighting
 + Level 1.6 Short Blades
 + Level 1.7 Armour
 + Level 2.4 Dodging
 + Level 3.6 Stealth
 * Level 3.4 Spellcasting
 + Level 1.2 Conjurations
 + Level 2.1 Transmutations
 + Level 4.4 Earth Magic
 + Level 0.6 Evocations


You couldn't memorise any spells.
You knew the following spells:

 Your Spells              Type           Power        Failure   Level  Hunger
a - Sandblast             Erth           ###...       3%          1    None
b - Stone Arrow           Conj/Erth      ##....       21%         3    ###....
c - Passwall              Tmut/Erth      ##......     9%          2    ##.....
d - Lee's Rapid Deconstr  Erth           ###.......   69%         5    ######.

Your spell library contained the following spells:

 Spells                   Type           Power        Failure   Level  Hunger
 Petrify                  Tmut/Erth      ##......     50%         4    ####...


Dungeon Overview and Level Annotations

Branches:
Dungeon (4/15)
 Temple: D:4-7

Altars:
Ru

Shops:
D:4 *


Innate Abilities, Weirdness & Mutations

You cannot be hasted, slowed, berserked, paralysed or teleported.
You can dig through walls and to a lower floor.
Your four strong arms can wield two-handed weapons with a shield.
You have a pair of large antennae on your head. (SInv)


Message History

The orc is lightly wounded.
The orc misses you.
The orc priest begins to cast a cantrip, but forgets the words!
An orc comes into view. It is wielding a +0 mace.
The orc shouts!
The orc throws a steel tomahawk.
The steel tomahawk hits you.
* * * LOW HITPOINT WARNING * * *
The orc moves out of view.
You see here a steel tomahawk.
There is a stone staircase leading down here.
The orc barely misses you.
Items here: )) [[ a +0 dagger; a +0 robe; a +0 dagger; a +0 robe You hit the orc but do no damage.
Lightning courses through the orc!
You kill the orc!
Okay, then.
You hit the orc priest.
The orc priest is moderately wounded.
The orc priest hits you with a +0 club.
You die...

..........#.###o##.##......
..............)..>.......#
...........o###.##..#....#
<........##...(..##.#....#
.........######o>....÷...#
.........# #....###......# #
.........# #{#####.##....#
####.# ........##
#.##o#.##.....##.....# .......##
#{#{#@##.......#...... #...####
###{.####...............
##...### #.).## #......#.∩.#....
###....###.### #...?...........
....##.##..# #........#......
##......>.#### #...............
#.##........### #...............
#.#########...####..............
#.# ###...........##.....#


You could see an orc priest.

Vanquished Creatures
  Crazy Yiuf (D:2)
  2 orc wizards (D:4)
  Jessica (D:2)
  A worker ant (D:4)
  3 gnolls
  7 adders
  2 worms (D:3)
  2 dart slugs (D:2)
  4 leopard geckos
  4 orcs (D:4)
  8 bats
  4 giant cockroaches
  5 goblins
  8 hobgoblins
  19 jackals
  2 ball pythons
  9 frilled lizards
  7 kobolds
  4 rats
93 creatures vanquished.

Notes
Turn   | Place    | Note
-------+----------+-------------------------------------------
     0 | D:1      | Descartes the Formicid Earth Elementalist began the quest
                  | for the Orb.
     0 | D:1      | Reached XP level 1. HP: 13/13 MP: 3/3
   850 | D:1      | Reached XP level 2. HP: 19/20 MP: 5/5
   902 | D:1      | HP: 1/20 [rat (3)]
  1389 | D:1      | Reached skill level 1 in Fighting
  1766 | D:1      | Reached XP level 3. HP: 26/26 MP: 6/6
  2250 | D:1      | Learned a level 3 spell: Stone Arrow
  2253 | D:1      | Learned a level 2 spell: Passwall
  2887 | D:2      | Reached skill level 1 in Armour
  2887 | D:2      | Reached XP level 4. HP: 29/32 MP: 4/7
  3406 | D:2      | Noticed Jessica
  3416 | D:2      | Killed Jessica
  3416 | D:2      | Reached skill level 1 in Short Blades
  3416 | D:2      | Reached skill level 4 in Earth Magic
  3854 | D:2      | Reached XP level 5. HP: 34/37 MP: 9/9
  3905 | D:2      | Found a runed translucent door.
  3906 | D:2      | Noticed Crazy Yiuf
  3912 | D:2      | Killed Crazy Yiuf
  3986 | D:2      | Found a sacrificial altar of Ru.
  4928 | D:3      | Reached XP level 6. HP: 39/44 MP: 10/10
  5205 | D:3      | Reached skill level 1 in Conjurations
  5218 | D:3      | Learned a level 5 spell: Lee's Rapid Deconstruction
  5829 | D:4      | Found Moumac's Assorted Antiques.
  6138 | D:4      | Bought a scroll labeled SOERYG JALOH for 23 gold pieces
  6138 | D:4      | Bought 2 scrolls labeled SAURONO BEYDAC for 46 gold pieces
  6138 | D:4      | Bought a scroll labeled UFIR ZUCOJAOM for 23 gold pieces
  6138 | D:4      | Bought 2 purple potions for 41 gold pieces
  6242 | D:4      | Slain by an orc priest

Skill      XL: |  1  2  3  4  5  6 |
---------------+-------------------+-----
Fighting       | 1 2 |  2.1
Dodging        | 2 |  2.4
Armour         | 1 |  1.7
Stealth        | 3 |  3.6
Short Blades   | 1 |  1.6
Earth Magic    | 4 |  4.4
Spellcasting   | 3 |  3.4
Conjurations   | 1 |  1.2
Transmutations | 2 |  2.1
Evocations     | |  0.6

Action                   |  1- 3 |  4- 6 || total
-------------------------+-------+-------++-------
Melee: Unarmed           |    39 |       ||    39
       Dagger            |   141 |   252 ||   393
       Quarterstaff      |       |    22 ||    22
 Cast: Sandblast         |     6 |    13 ||    19
 Abil: Dig               |       |     3 ||     3
  Use: Scroll            |       |     4 ||     4
 Stab: Sleeping          |     3 |     8 ||    11
  Eat: Chunk             |     6 |    12 ||    18
Armor: Robe              |    21 |       ||    21
       Leather armour    |    26 |    65 ||    91
Dodge: Dodged            |   159 |   178 ||   337
